 Dungeon Crawl Stone Soup version 0.16.2-12-gd0ad4c3 (webtiles) character file.

19161 Seneschal the Unseen (level 12, 0/46 HPs)
             Began as a Spriggan Enchanter on Sept 24, 2015.
             Was a High Priest of Dithmenos.
             Killed from afar by a gargoyle (29 damage)
             ... with a stone arrow
             ... on level 11 of the Dungeon.
             The game lasted 01:15:52 (14491 turns).

Seneschal the Unseen (Spriggan Enchanter)          Turns: 14491, Time: 01:15:52

Health: 0/46       AC:  7    Str:  4    XL:     12   Next: 34%
Magic:  29/34      EV: 24    Int: 17    God:    Dithmenos [*****.]
Gold:   1068       SH:  0    Dex: 17    Spells: 5 memorised, 18 levels left

rFire  + + .     SeeInvis +     a - +1 dagger
rCold  . . .     Clarity  .     W - +0 robe {rF+}
rNeg   . . .     SustAb   .     (shield restricted)
rPois  .         Gourm    .     (helmet restricted)
rElec  .         Spirit   .     z - +0 cloak (curse)
rCorr  +         Warding  .     (gloves unavailable)
rMut   .         Stasis   .     (boots unavailable)
MR     ++...                    C - amulet of resist corrosion
Stlth  ++++++++++               F - ring of protection from fire
                                U - +5 ring of protection

@: wreathed by umbra, very quick, very resistant to hostile enchantments,
uncannily stealthy
A: unfitting armour, see invisible, clumsy 1, deformed body, dopey 1, herbivore
3, speed 3, frail 1, slow metabolism 2, placid magic 1
a: Shadow Step, Shadow Form, Renounce Religion


You were on level 11 of the Dungeon.
You worshipped Dithmenos.
Dithmenos was extremely pleased with you.
You were not hungry.

You visited 2 branches of the dungeon, and saw 15 of its levels.
You also visited: Ice Cave.

You collected 1363 gold pieces.
You spent 295 gold pieces at shops.

Inventory:

Hand weapons
 a - a +1 dagger (weapon)
 f - a +0 short sword
Armour
 b - a +2 robe
 n - a troll hide
 z - a cursed +0 cloak (worn)
 V - a +2 robe of positive energy
 W - a +0 robe of fire resistance (worn)
Jewellery
 p - an uncursed amulet of rage
 q - an uncursed ring of loudness
 y - a +2 ring of strength
 C - an amulet of resist corrosion (around neck)
 F - a ring of protection from fire (right hand)
 H - an uncursed ring of fire
 J - an uncursed ring of positive energy
 U - a +5 ring of protection (left hand)
Magical devices
 r - a wand of enslavement (9)
 x - a wand of polymorph (6)
 P - a wand of fireball (5)
 Q - a wand of digging (4)
 S - a wand of cold (0)
 T - a wand of magic darts (18)
Scrolls
 i - 2 scrolls of fog
 k - 7 scrolls of remove curse
 o - 5 scrolls of teleportation
 u - 2 scrolls of recharging
 w - 8 scrolls of identify
 D - a scroll of magic mapping
 E - a scroll of amnesia
 K - 2 scrolls of enchant armour
 M - a scroll of enchant weapon {unknown}
Potions
 e - 2 potions of mutation
 g - a potion of restore abilities
 h - 2 potions of resistance
 j - a potion of haste {unknown}
 l - a potion of ambrosia
 m - 5 potions of curing
 s - 2 potions of brilliance {unknown}
 t - 2 potions of agility
 v - 5 potions of might {unknown}
 B - 2 potions of cure mutation {unknown}
 L - a potion of poison {unknown}
 O - a potion of lignification {unknown}
 R - a potion of magic {unknown}
 X - a potion of berserk rage {unknown}
Books
 c - a book of Maledictions

   Spells                             Type                      Level
   a - Corona                         Hexes                        1
   b - Sure Blade                     Hexes/Charms                 2
   c - Ensorcelled Hibernation        Hexes/Ice                    2
   d - Confuse                        Hexes                        3
   e - Dazzling Spray                 Conjuration/Hexes            3
   f - Enslavement                    Hexes                        4
 A - a book of Party Tricks

   Spells                             Type                      Level
   a - Summon Butterflies             Summoning                    1
   b - Apportation                    Translocation                1
   c - Tukima's Dance                 Hexes                        3
   d - Alistair's Intoxication        Transmutation/Poison         4
   e - Invisibility                   Hexes                        6
 G - a book of Geomancy

   Spells                             Type                      Level
   a - Sandblast                      Earth                        1
   b - Stoneskin                      Transmutation/Earth          2
   c - Passwall                       Transmutation/Earth          3
   d - Stone Arrow                    Conjuration/Earth            3
   e - Petrify                        Transmutation/Earth          4
   f - Lee's Rapid Deconstruction     Earth                        5
 N - a book of Enchantments

   Spells                             Type                      Level
   a - Tukima's Dance                 Hexes                        3
   b - Cause Fear                     Hexes                        4
   c - Silence                        Hexes/Air                    5
   d - Deflect Missiles               Charms/Air                   6
   e - Haste                          Charms                       6
   f - Discord                        Hexes                        8
Comestibles
 d - 7 bread rations
 I - 3 fruits


   Skills:
 - Level 0.5 Fighting
 + Level 8.0 Short Blades
 * Level 8.4 Dodging
 * Level 18.3 Stealth
 + Level 11.0 Spellcasting
 * Level 12.3 Hexes
 - Level 0.4 Ice Magic
 + Level 0.2 Invocations
 - Level 0.4 Evocations


You had 18 spell levels left.
You knew the following spells:

 Your Spells              Type           Power        Failure   Level  Hunger
a - Corona                Hex            ####...      0%          1    None
b - Ensorcelled Hibernat  Hex/Ice        ###...       1%          2    None
c - Confuse               Hex            ####....     1%          3    None
d - Tukima's Dance        Hex            ####....     1%          3    None
e - Invisibility          Hex            ####....     4%          6    ######.


Dungeon Overview and Level Annotations

Branches:
Dungeon (11/15)            Temple (0/1) D:5             Orc (4/4) D:10
    Elf (0/3) Orc:4
   Lair: D:8-11

Altars:
Ashenzari
Cheibriados
Dithmenos
Fedhas
Gozag
Kikubaaqudgha
Makhleb
Nemelex Xobeh
Sif Muna
Trog
Vehumet
Xom
Zin
Beogh

Shops:
D:7 (   D:9 (   D:10 [   Orc:4 %:**

Portals:
Trove: D:10 (give 22 scrolls of identify)

Annotations:
D:2 Robin


Innate Abilities, Weirdness & Mutations

You are tiny and cannot use many weapons and most armour.
You have supernaturally acute eyesight.
You are a herbivore.
You cover ground extremely quickly.
You need consume almost no food.
You are clumsy. (Dex -2)
Armour fits poorly on your strangely shaped body.
You are dopey. (Int -2)
You are frail (-10% HP).
Your spells are a little easier to cast, but a little less powerful.


Message History

The white ugly thing engulfs the gargoyle.
The white ugly thing freezes the gargoyle!
The gargoyle hurls a stone arrow at you.
The stone arrow misses you.
You hit the white ugly thing but do no damage.
The white ugly thing is almost dead.
The white ugly thing closely misses you.
You catch the helpless white ugly thing completely off-guard!
You skewer the white ugly thing like a kebab!!!
You kill the white ugly thing!
Dithmenos accepts your kill. The gargoyle hits you with a mace!
You emit a cloud of dark smoke.
You hit the gargoyle but do no damage.
The gargoyle is severely damaged.
You hit the gargoyle but do no damage.
The gargoyle is severely damaged.
The gargoyle hurls a stone arrow at you.
The stone arrow hits you!
Ouch! That really hurt!
You die...

+<.......#
#........#
#######'##
####.#
####....#
#....####
###.########
#..§§..?...#
#.§@§......#
#.§§9......#
#..........#
#..........#
#...)......#
#.##..........#
#.............#
####..........#
###########


You could see a gargoyle.

Vanquished Creatures
  Nessos (Orc:3)
  A death yak (Orc:4)
  Urug (D:10)
  3 hill giants
  9 orc knights
  An orc sorcerer (Orc:3)
  An ugly thing (D:11)
  A centaur skeleton (D:10)
  A merfolk (D:9)
  2 polar bears (IceCv)
  3 trolls
  A trapdoor spider zombie (D:10)
  A deep elf mage (D:11)
  9 yaks
  3 hippogriffs
  2 wolves (IceCv)
  5 wargs
  An eye of draining (D:8)
  4 sky beasts
  28 orc warriors
  2 ice beasts
  A necrophage (D:9)
  A wasp (D:9)
  4 ogres
  5 centaurs
  5 phantoms
  Duvessa (D:8)
  2 giant frogs
  A wyvern zombie (D:10)
  3 scorpions
  2 jellies
  Dowan (D:8)
  4 goliath beetles
  2 centaur zombies
  6 crimson imps
  5 hounds
  18 orc priests
  3 giant frog skeletons
  3 iron imps (D:9)
  7 worker ants
  7 orc wizards
  An iguana (D:9)
  A hound zombie (D:7)
  A hound skeleton (D:4)
  A mummy (D:10)
  2 worker ant zombies
  12 adders
  2 giant mites
  5 worms
  A shadow imp (D:3)
  3 giant geckos
  An ooze (D:2)
  128 orcs
  21 goblins
  16 hobgoblins
  13 jackals
  13 kobolds
  4 ball pythons
  14 bats
  10 giant cockroaches
  5 giant newts
  A jackal zombie (D:9)
  2 quokkas
  A quokka skeleton (D:9)
  12 rats
431 creatures vanquished.

Vanquished Creatures (collateral kills)
  An orc warrior (Orc:4)
  An orc (Orc:4)
2 creatures vanquished.

Vanquished Creatures (others)
  An ugly thing (D:10)
  An orc warrior (Orc:4)
  2 giant frogs (D:10)
  An orc wizard (D:10)
  An iguana (D:10)
  A worker ant (D:10)
  2 rats (D:10)
9 creatures vanquished.

Grand Total: 442 creatures vanquished

Notes
Turn   | Place    | Note
--------------------------------------------------------------
     0 | D:1      | Seneschal, the Spriggan Enchanter, began the quest for the Orb.
     0 | D:1      | Reached XP level 1. HP: 9/9 MP: 4/4
   481 | D:1      | Reached XP level 2. HP: 8/13 MP: 7/7
   489 | D:1      | Learned a level 2 spell: Ensorcelled Hibernation
   720 | D:1      | Reached skill level 5 in Stealth
   915 | D:1      | Reached XP level 3. HP: 12/16 MP: 1/10
  1084 | D:2      | Noticed Robin
  1512 | D:2      | Reached XP level 4. HP: 21/21 MP: 1/13
  1517 | D:2      | Learned a level 3 spell: Confuse
  2531 | D:3      | Reached skill level 6 in Stealth
  2531 | D:3      | Reached XP level 5. HP: 19/25 MP: 6/16
  2888 | D:3      | Reached skill level 5 in Hexes
  3121 | D:4      | Got a colourful robe
  3132 | D:4      | Identified the cursed -5 robe of Misfortune {-Cast Contam *Tele EV-4 Str-2 Int-2 Dex-2 Stlth-- Curse} (You found it on level 4 of the Dungeon)
  3158 | D:4      | Gained mutation: You are frail (-10% HP). [mutagenic glow]
  3229 | D:4      | Found a shadowy altar of Dithmenos.
  3244 | D:4      | Became a worshipper of Dithmenos the Shadowed
  3250 | D:4      | Noticed an ogre
  3250 | D:4      | Noticed a phantom
  3255 | D:4      | Killed an ogre
  3255 | D:4      | Reached skill level 7 in Stealth
  3255 | D:4      | Reached XP level 6. HP: 26/26 MP: 13/20
  3260 | D:4      | Killed a phantom
  3396 | D:4      | Found a deep blue altar of Sif Muna.
  3464 | D:4      | Noticed a phantom
  3486 | D:4      | Killed a phantom
  3514 | D:4      | Found an opulent altar of Gozag.
  3523 | D:4      | Reached XP level 7. HP: 28/28 MP: 22/22
  3811 | D:5      | Entered Level 5 of the Dungeon
  3814 | D:5      | Reached skill level 8 in Stealth
  3814 | D:5      | Reached skill level 5 in Spellcasting
  3880 | D:5      | Found a shattered altar of Ashenzari.
  4082 | D:5      | Reached skill level 9 in Stealth
  4330 | D:5      | Found a staircase to the Ecumenical Temple.
  4488 | D:5      | Learned a level 3 spell: Tukima's Dance
  4496 | D:5      | Learned a level 6 spell: Invisibility
  4622 | D:6      | Reached XP level 8. HP: 33/33 MP: 16/24
  4765 | D:6      | Reached skill level 10 in Stealth
  5310 | D:6      | Found a bloodstained altar of Trog.
  5613 | D:7      | Acquired Dithmenos' first power
  5687 | D:7      | Reached skill level 11 in Stealth
  5999 | D:7      | Found Psot's Weapon Boutique.
  6012 | D:7      | Reached skill level 5 in Dodging
  6787 | D:8      | Found a radiant altar of Vehumet.
  6801 | D:8      | Noticed Duvessa
  6829 | D:8      | Killed Duvessa
  6829 | D:8      | Reached XP level 9. HP: 26/36 MP: 18/27
  6830 | D:8      | Noticed Dowan
  6835 | D:8      | Killed Dowan
  6861 | D:8      | Reached skill level 12 in Stealth
  7774 | D:9      | Found an ancient bone altar of Kikubaaqudgha.
  7795 | D:9      | Acquired Dithmenos' second power
  7811 | D:9      | Reached skill level 13 in Stealth
  7859 | D:9      | Found Statzuet's Weapon Shoppe.
  8046 | D:9      | Found a snail-covered altar of Cheibriados.
  8453 | D:9      | Reached XP level 10. HP: 39/39 MP: 24/29
  8494 | D:9      | Reached skill level 14 in Stealth
  8534 | D:9      | Found a burning altar of Makhleb.
  8737 | D:9      | Reached skill level 10 in Hexes
  8762 | D:9      | Found a sparkling altar of Nemelex Xobeh.
  8762 | D:9      | Found a blossoming altar of Fedhas.
  8763 | D:9      | Found a glowing silver altar of Zin.
  8993 | D:10     | Entered Level 10 of the Dungeon
  8993 | D:10     | Found a staircase to the Orcish Mines.
  9061 | D:10     | Found a shimmering altar of Xom.
  9062 | D:10     | Noticed a purple ugly thing
  9071 | D:10     | Reached skill level 5 in Short Blades
  9071 | D:10     | Killed a purple ugly thing
  9141 | D:10     | Noticed Urug
  9146 | D:10     | Killed Urug
  9146 | D:10     | Reached skill level 15 in Stealth
  9227 | D:10     | Noticed a hill giant
  9235 | D:10     | Killed a hill giant
  9319 | D:10     | Found a portal to a secret trove of treasure.
  9385 | D:10     | Found Qiedao's Antique Armour Boutique.
  9388 | D:10     | Bought a glowing robe for 21 gold pieces
  9388 | D:10     | Bought a runed robe for 21 gold pieces
  9453 | D:10     | Acquired Dithmenos' third power
  9530 | Orc:1    | Entered Level 1 of the Orcish Mines
  9949 | Orc:3    | Noticed Nessos
  9953 | Orc:3    | Killed Nessos
  9953 | Orc:3    | Reached XP level 11. HP: 43/43 MP: 25/32
  9986 | Orc:3    | Noticed an orc knight
  9988 | Orc:3    | Noticed an orc sorcerer
 10013 | Orc:2    | Gained mutation: Your spells are a little easier to cast, but a little less powerful. [mutagenic glow]
 10321 | Orc:3    | Killed an orc sorcerer
 10321 | Orc:3    | Reached skill level 16 in Stealth
 10354 | Orc:3    | Killed an orc knight
 10357 | Orc:3    | Gained mutation: You are dopey. (Int -2) [potion of mutation]
 10357 | Orc:3    | Gained mutation: You are clumsy. (Dex -2) [potion of mutation]
 10524 | Orc:3    | Acquired Dithmenos' fourth power
 10528 | Orc:3    | Gained mutation: Armour fits poorly on your strangely shaped body. [mutagenic glow]
 11135 | Orc:4    | Entered Level 4 of the Orcish Mines
 11186 | Orc:4    | Found a frozen archway.
 11219 | IceCv    | Entered an ice cave
 11296 | IceCv    | Noticed a death yak
 11307 | IceCv    | Reached skill level 10 in Spellcasting
 11477 | Orc:4    | Found a labyrinth entrance.
 11566 | Orc:4    | Killed a death yak
 12007 | Orc:4    | Found a staircase to the Elven Halls.
 12636 | Orc:4    | Reached skill level 17 in Stealth
 12701 | Orc:4    | Found Akkaok's General Store.
 12701 | Orc:4    | Found Showean's Assorted Antiques.
 12961 | Orc:4    | Found a roughly hewn altar of Beogh.
 13031 | Orc:4    | Reached XP level 12. HP: 46/46 MP: 20/33
 13718 | Orc:4    | Found Ijeuklantes' Book Shoppe.
 13718 | Orc:4    | Found Gruinaomm's Food Shop.
 13750 | Orc:4    | Bought a fruit for 19 gold pieces
 13750 | Orc:4    | Bought 2 fruits for 39 gold pieces
 13750 | Orc:4    | Bought a bread ration for 65 gold pieces
 13750 | Orc:4    | Bought a bread ration for 65 gold pieces
 13750 | Orc:4    | Bought a bread ration for 65 gold pieces
 14349 | D:11     | Reached skill level 18 in Stealth
 14491 | D:11     | Killed from afar by a gargoyle

Action                   |  1- 3 |  4- 6 |  7- 9 | 10-12 || total
-------------------------+-------+-------+-------+-------++-------
Melee: Dagger            |   114 |   115 |   138 |   613 ||   980
       Short sword       |       |       |    18 |       ||    18
 Cast: Ensorcelled Hiber |    31 |    36 |    58 |   144 ||   269
       Confuse           |       |    11 |    22 |    62 ||    95
       Tukima's Dance    |       |       |     1 |     1 ||     2
       Invisibility      |       |       |       |    17 ||    17
Invok: Shadow Step       |       |       |       |     1 ||     1
Evoke: Wand              |       |       |       |     5 ||     5
  Use: Scroll            |       |     8 |     6 |     3 ||    17
       Potion            |       |       |       |     8 ||     8
 Stab: Sleeping          |    24 |    34 |    78 |   101 ||   237
       Confused          |       |     8 |    16 |    23 ||    47
       Invisible         |       |       |       |    60 ||    60
       Fleeing           |       |       |       |     1 ||     1
       Distracted        |       |       |       |     5 ||     5
  Eat: Bread ration      |       |     1 |     1 |     2 ||     4
       Fruit             |       |       |       |     4 ||     4
